 Dungeon Crawl Stone Soup version 0.22-a0-422-g9628fc8 (webtiles) character file.

91 Jynxie the Sneak (level 4, 0/25 HPs)
             Began as a Kobold Earth Elementalist on May 22, 2018.
             Killed by divine providence
             ... invoked by an orc priest
              (15 damage)
             ... on level 3 of the Dungeon.
             The game lasted 00:09:01 (2117 turns).

Jynxie the Sneak (Kobold Earth Elementalist)        Turns: 2117, Time: 00:09:02

Health: 0/25       AC:  4    Str:  6    XL:     4   Next: 88%
Magic:  0/7        EV: 17    Int: 16    God:
Gold:   122        SH:  0    Dex: 15    Spells: 4/8 levels left

rFire    . . .     SeeInvis .   e - +2 spear (freeze)
rCold    . . .     Gourm    .   (shield restricted)
rNeg     . . .     Faith    .   g - +0 leather armour
rPois    .         Spirit   .   (no helmet)
rElec    .         Reflect  .   (no cloak)
rCorr    .         Harm     .   h - +0 pair of gloves
MR       .....     Rnd*Rage +   (no boots)
Stlth    +.........             (no amulet)
HPRegen  0.08/turn              f - ring of loudness (curse)
MPRegen  0.10/turn              (no ring)

@: very slightly contaminated
A: small, repulsion field 1, berserk 1, carnivore
a: no special abilities


You were on level 3 of the Dungeon.
You were very full.

You visited 1 branch of the dungeon, and saw 3 of its levels.

You collected 122 gold pieces.

Inventory:

Hand Weapons
 e - a +2 spear of freezing (weapon)
Missiles
 b - 116 stones (quivered)
Armour
 a - a +0 chain mail
 c - a +0 robe
 g - a +0 leather armour (worn)
 h - a +0 pair of gloves (worn)
 i - a +0 scale mail
 j - a +0 ring mail
Jewellery
 f - a cursed ring of loudness (left hand)
Comestibles
 d - 7 rations
 k - 7 chunks of flesh


   Skills:
 * Level 1.2 Fighting
 * Level 1.1 Polearms
 + Level 3.1 Dodging
 * Level 3.7 Stealth
 + Level 2.6 Spellcasting
 * Level 1.0 Conjurations
   Level 1.0 Transmutations
 + Level 3.4 Earth Magic


You had 4 spell levels left.
You knew the following spells:

 Your Spells              Type           Power        Failure   Level  Hunger
a - Sandblast             Erth           ##....       8%          1    #......
b - Stone Arrow           Conj/Erth      #.....       36%         3    ###....

Your spell library contained the following spells:

 Spells                   Type           Power        Failure   Level  Hunger
 Passwall                 Tmut/Erth      #.........   19%         2    ##.....
 Lee's Rapid Deconstruct  Erth           ##........   90%         5    ######.
 Petrify                  Tmut/Erth      #.......     77%         4    #####..


Dungeon Overview and Level Annotations

Branches:
Dungeon (3/15)

Altars:
Uskayaw


Innate Abilities, Weirdness & Mutations

You are small and have problems with some larger weapons.
You are carnivorous and can eat meat at any time.
You are surrounded by a mild repulsion field. (EV +2)
You tend to lose your temper in combat.


Message History

Aiming: Sandblast (safe; 8% risk of failure)
Press: ? - help, Shift-Dir - straight line, f/p - orc
Aim: an orc, wearing a leather armour (almost dead)
The blast of sand hits the orc.
You kill the orc!
Your Conjurations skill increases to level 1!
b - 117 stones The orc hits you with a short sword.
Casting: Sandblast (safe; 8% risk of failure)
Confirm with . or Enter, or press ? or * to list all spells.
Aiming: Sandblast (safe; 8% risk of failure)
Press: ? - help, Shift-Dir - straight line, f - orc
Aim: an orc, wielding a short sword The blast of sand hits the orc.
You kill the orc!
b - 116 stones The orc priest calls down the wrath of Beogh upon you.
Beogh smites you!
Ouch! That really hurt!
You die...

#.###########..#.##.#
.....%............).
...............>#.#
#...!##........###
#....##....#.#.#<#
..####..o)##........#.#
#..o....#.##......#.#.#
#.##.##.#.##....#.#.#.#
#.......#)@.........#
#...#....o.######.###
....####........#.# .+
#........#.. ..
......##..###. ..
#####.# .# .. .. . #.
... .# ...# #


You could see an orc priest.

Vanquished Creatures
  A gnoll (D:1)
  2 adders
  An ooze (D:2)
  2 worms (D:2)
  3 leopard geckos (D:1)
  2 orcs (D:3)
  A giant cockroach (D:1)
  9 goblins
  3 hobgoblins
  4 jackals (D:2)
  A quokka (D:2)
  5 bats
  4 frilled lizards
  9 kobolds
  4 rats
51 creatures vanquished.

Notes
Turn   | Place    | Note
-------+----------+-------------------------------------------
     0 | D:1      | Jynxie the Kobold Earth Elementalist began the quest for the Orb.
     0 | D:1      | Reached XP level 1. HP: 10/10 MP: 3/3
    12 | D:1      | Reached XP level 2. HP: 15/15 MP: 0/5
   511 | D:1      | Reached XP level 3. HP: 19/20 MP: 6/6
  1071 | D:1      | Gained mutation: You tend to lose your temper in combat. [potion of mutation]
  1071 | D:1      | Gained mutation: You are surrounded by a mild repulsion field. (EV +2) [potion of mutation]
  1378 | D:2      | Reached XP level 4. HP: 23/24 MP: 4/7
  1450 | D:2      | Learned a level 3 spell: Stone Arrow
  1470 | D:2      | Reached skill level 1 in Fighting
  1477 | D:2      | Reached skill level 1 in Polearms
  1984 | D:2      | Found a hide-covered altar of Uskayaw.
  2116 | D:3      | Reached skill level 1 in Conjurations
  2117 | D:3      | Killed from afar by an orc priest

Vault maps used:
D:1:      dpeg_arrival_chase
D:2:      eat_drink_and_be_merry_uskayaw, st_stairs_10
D:3:      first_ration, evilmike_ruin_ashenzari

Skill      XL: |  1  2  3  4 |
---------------+-------------+-----
Stealth        | 3 |  3.7
Dodging        | 3 |  3.1
Fighting       | 1 |  1.2
Polearms       | 1 |  1.1
Conjurations   | 1 |  1.0
Spellcasting   | |  2.6
Transmutations | |  1.0
Earth Magic    | |  3.4

Action                   |  1- 3 |  4- 6 || total
-------------------------+-------+-------++-------
Melee: Spear             |    38 |    40 ||    78
 Cast: Sandblast         |    21 |    26 ||    47
  Use: Potion            |     1 |     2 ||     3
       Scroll            |     1 |       ||     1
 Stab: Sleeping          |     3 |       ||     3
  Eat: Chunk             |     9 |     3 ||    12
Armor: Robe              |     6 |       ||     6
       Leather armour    |     1 |     7 ||     8
Dodge: Dodged            |    41 |    32 ||    73

Table legend:
 A = Spawn XP
 B = Non-spawn XP
 C = Spawn XP percentage of total XP
 D = Spawn monster count
 E = Non-spawn monster count
 F = Spawn count percentage of total count
 G = Total turns spent on level
                    A         B        C        D         E        F      G
               +---------+---------+-------+---------+---------+-------+---------
         Total |       0 |     131 |   0.0 |       0 |      51 |   0.0 |  2117
               +---------+---------+-------+---------+---------+-------+---------
           D:1 |       0 |      62 |   0.0 |       0 |      24 |   0.0 |  1370
           D:2 |       0 |      59 |   0.0 |       0 |      23 |   0.0 |   706
           D:3 |       0 |      10 |   0.0 |       0 |       4 |   0.0 |    41
               +---------+---------+-------+---------+---------+-------+---------
